 Dungeon Crawl Stone Soup version 0.23.2-1-ga50397a6bc (webtiles) character file.

Game seed: 14566260265258645698

14913 Cykl0x the Cleaver (level 12, -6/92 HPs)
             Began as a Formicid Fighter on May 4, 2019.
             Was a Believer of Makhleb.
             Mangled by a slime creature (14 damage)
             ... on level 11 of the Dungeon.
             The game lasted 00:31:22 (12646 turns).

Cykl0x the Cleaver (Formicid Fighter)              Turns: 12646, Time: 00:31:23

Health: -6/92      AC: 16    Str: 28    XL:     12   Next: 51%
Magic:  15/15      EV: 11    Int: 10    God:    Makhleb [**....]
Gold:   721        SH: 12    Dex: 10    Spells: 11/11 levels left

rFire    + . .     SeeInvis +   a - +4 war axe
rCold    + . .     Gourm    .   c - +0 shield
rNeg     . . .     Faith    .   y - +1 chain mail {rC+}
rPois    .         Spirit   .   (helmet unavailable)
rElec    .         Reflect  .   o - +1 cloak
rCorr    .         Harm     .   (no gloves)
MR       +....                  (no boots)
Stlth    ..........             n - amulet of magic regeneration
HPRegen  0.25/turn              g - +2 ring of protection
MPRegen  0.39/turn              u - ring of protection from fire

@: no status effects
A: permanent stasis, dig shafts and tunnels, four strong arms, antennae 3,
hooves 1, mutation resistance 1, strong 2
a: Dig, Shaft Self, Minor Destruction, Renounce Religion


You were on level 11 of the Dungeon.
You worshipped Makhleb.
Makhleb was pleased with you.
You were not hungry.

You visited 2 branches of the dungeon, and saw 13 of its levels.
You also visited: Sewer.

You collected 735 gold pieces.
You spent 14 gold pieces at shops.

Inventory:

Hand Weapons
 a - a +4 war axe (weapon)
 k - a +0 halberd
Missiles
 h - 377 stones
 F - 2 tomahawks (quivered)
Armour
 b - a +0 scale mail
 c - a +0 shield (worn)
 o - a +1 cloak (worn)
 y - a +1 chain mail of cold resistance (worn)
 B - a +0 plate armour
Jewellery
 e - an uncursed ring of ice
 g - a +2 ring of protection (left hand)
 n - an amulet of magic regeneration (around neck)
 u - a ring of protection from fire (right hand)
Wands
 d - a wand of flame (11)
 l - a wand of acid (9)
 z - a wand of random effects (21)
 G - a wand of enslavement (4)
 H - a wand of polymorph (7)
Scrolls
 s - a scroll of fog
 v - 5 scrolls of amnesia
 w - a scroll of fear
 x - 2 scrolls of immolation
 A - a scroll of remove curse
 D - 2 scrolls of magic mapping
 K - a scroll of identify
Potions
 i - 3 potions of flight
 j - a potion of invisibility
 m - 2 potions of lignification
 p - 5 potions of mutation
 q - a potion of cancellation
 r - 3 potions of agility
 t - 2 potions of curing
 E - a potion of resistance
 I - a potion of magic {unknown}
Miscellaneous
 J - a lamp of fire
Comestibles
 f - 22 rations


   Skills:
 + Level 7.7 Fighting
 + Level 11.9 Axes
 + Level 1.0 Throwing
 + Level 8.3 Armour
 + Level 7.0 Dodging
 + Level 0.7 Stealth
 + Level 10.6 Shields
 * Level 5.3 Invocations
 + Level 0.2 Evocations


You had 11 spell levels left.
You didn't know any spells.
Your spell library contained the following spells:

 Spells                   Type           Power        Failure   Level  Hunger
 Beastly Appendage        Tmut           #.....       86%         1    ##.....
 Corona                   Hex            #......      86%         1    ##.....
 Summon Small Mammal      Summ           #...         86%         1    ##.....
 Call Imp                 Summ           #.......     95%         2    ###....
 Slow                     Hex            #.......     95%         2    ###....
 Sticks to Snakes         Tmut           #.......     95%         2    ###....
 Call Canine Familiar     Summ           #.......     99%         3    ####...
 Inner Flame              Hex/Fire       #.......     99%         3    ####...
 Portal Projectile        Hex/Tloc       #.....       99%         3    ####...
 Spider Form              Tmut/Pois      #.........   99%         3    ####...
 Summon Guardian Golem    Hex/Summ       #.......     99%         3    ####...
 Cause Fear               Hex            #.........   100%        4    #####..
 Ice Form                 Ice/Tmut       #.......     100%        4    #####..
 Leda's Liquefaction      Hex/Erth       #.........   100%        4    #####..
 Summon Ice Beast         Ice/Summ       #.......     100%        4    #####..
 Summon Lightning Spire   Summ/Air       #.......     100%        4    #####..
 Blade Hands              Tmut           #.........   100%        5    ######.


Dungeon Overview and Level Annotations

Branches:
Dungeon (12/15)            Temple (1/1) D:5            Lair (0/6) D:9
    Orc: D:9-12

Altars:
Ashenzari
Cheibriados
Dithmenos
Elyvilon
Fedhas
Gozag
Hepliaklqana
Kikubaaqudgha
Makhleb
Nemelex Xobeh
Okawaru
Qazlal
Ru
Sif Muna
Trog
Uskayaw
Vehumet
Wu Jian
Xom
Yredelemnul
Zin
The Shining One
Beogh

Shops:
D:9 !

Annotations:
D:3 3 runed translucent doors, straszyg's ghost, amateur GnFi
D:6 1 runed translucent door, Crazy Yiuf


Innate Abilities, Weirdness & Mutations

You cannot be hasted, slowed, berserked, paralysed or teleported.
You can dig through walls and to a lower floor.
Your four strong arms can wield two-handed weapons with a shield.
You have a pair of large antennae on your head. (SInv)
You have large cloven feet.
You are somewhat resistant to further mutation.
Your muscles are very strong. (Str +4)


Message History

You slice the slime creature!! You kick the slime creature.
The slime creature is almost dead.
You hit the slime creature but do no damage.
You slash the slime creature! You hit the slime creature.
The slime creature hits you. You block the slime creature's attack.
The slime creature hits you!
* * * LOW HITPOINT WARNING * * *
Two slime creatures merge to form a large slime creature.
You block the slime creature's attack. The slime creature hits you!
* * * LOW HITPOINT WARNING * * *
There is a stone staircase leading up, spattered with blood here.
You block the slime creature's attack. x2
You climb upwards.
There is a stone staircase leading down here.
Okay, then.
A large slime creature splits.
Two slime creatures merge to form a large slime creature.
The slime creature hits you but does no damage.
The slime creature hits you!
You die...

###.....# #####...###.#
#.....###...## #....###.....##
#....##.......# #....###.....##
#....####...##
###......##.#############
÷.).............@JJ#....#
###......########J......#
###############.......# ######
#.....#.......# #...^#
#.###.##.#....# #>##.# #÷#
#.##.#....# #.##.# ####.#
#.##......#
#.##.###....###....#....######
...............#.............####


You could see a large slime creature and 2 slime creatures.

Vanquished Creatures
  Josephine (D:11)
  3 two-headed ogres
  4 skeletal warriors (D:11)
  2 unseen horrors
  Joseph (D:9)
  4 trolls
  A slime creature (D:7)
  2 hippogriffs
  6 yaks (D:11)
  3 wraiths (D:11)
  A wyvern (D:10)
  2 hungry ghosts
  An acid dragon (D:9)
  A soldier ant (D:10)
  3 water moccasins
  3 black bears
  2 orc warriors
  3 ice beasts
  A phantom (D:9)
  6 ogres
  A centaur (D:8)
  4 wolves (D:9)
  A crocodile (Sewer)
  3 big kobolds
  4 bullfrogs
  A gnoll sergeant (D:6)
  6 scorpions
  8 killer bees (D:7)
  7 electric eels
  3 howler monkeys (D:10)
  A vampire bat (D:11)
  5 crimson imps
  A quasit (D:10)
  6 hounds
  3 bullfrog skeletons
  A jelly (D:7)
  8 orc priests
  10 orc wizards
  2 centaur skeletons
  3 iguanas
  11 worker ants
  A killer bee zombie (D:9)
  A hound skeleton (D:4)
  A worker ant zombie (D:11)
  6 gnolls
  10 adders
  2 shadow imps
  An ooze (D:2)
  2 worms
  A dart slug (D:1)
  7 leopard geckos
  38 orcs
  A ball python (D:1)
  3 giant cockroaches
  8 goblins
  6 hobgoblins
  27 jackals
  5 quokkas
  16 bats
  2 frilled lizards
  13 kobolds
  2 quokka zombies
  7 rats
  A fungus (D:6)
  2 plants (D:7)
302 creatures vanquished.

Vanquished Creatures (others)
  A jackal (D:7)
  A plant (D:7)
2 creatures vanquished.

Grand Total: 304 creatures vanquished

Notes
Turn   | Place    | Note
-------+----------+-------------------------------------------
     0 | D:1      | Cykl0x the Formicid Fighter began the quest for the Orb.
     0 | D:1      | Reached XP level 1. HP: 18/18 MP: 1/1
    68 | D:1      | Reached XP level 2. HP: 20/24 MP: 2/2
   317 | D:1      | You fall through a shaft!
   347 | D:2      | Reached XP level 3. HP: 23/29 MP: 3/3
   414 | D:2      | Found a sparkling altar of Nemelex Xobeh.
  1030 | D:2      | Reached XP level 4. HP: 35/35 MP: 4/4
  1096 | D:2      | Reached skill level 1 in Dodging
  1514 | D:3      | HP: 1/35 [orc wizard/+0 dagger (2)]
  1516 | D:3      | Reached skill level 3 in Axes
  1517 | D:3      | Reached XP level 5. HP: 25/41 MP: 5/5
  1625 | D:3      | Reached skill level 5 in Shields
  1809 | D:3      | Found a runed translucent gate.
  1809 | D:3      | Found a runed translucent gate.
  1810 | D:3      | Found a runed translucent gate.
  1810 | D:3      | Noticed straszyg's ghost (amateur GnFi)
  1811 | D:3      | Identified the +7 dagger of Mourning {protect, +Fly rF++}
  1813 | D:3      | Found a roughly hewn altar of Beogh.
  2012 | D:3      | Reached XP level 6. HP: 46/48 MP: 6/6
  2164 | D:4      | Reached skill level 4 in Axes
  2197 | D:4      | Found a glowing drain.
  2221 | Sewer    | Entered a sewer
  2709 | D:4      | Reached XP level 7. HP: 47/54 MP: 7/7
  3003 | D:4      | Reached skill level 5 in Axes
  3061 | D:4      | You fall through a shaft!
  3061 | D:5      | Entered Level 5 of the Dungeon
  3061 | D:5      | Found a staircase to the Ecumenical Temple.
  3063 | D:5      | Found a snail-covered altar of Cheibriados.
  3068 | Temple   | Entered the Ecumenical Temple
  3503 | D:5      | Noticed a water moccasin
  3517 | D:5      | Killed a water moccasin
  3767 | D:4      | Reached XP level 8. HP: 51/61 MP: 8/8
  3937 | D:4      | Found a deep blue altar of Sif Muna.
  4044 | D:4      | Reached skill level 6 in Axes
  4316 | D:5      | Found a stormy altar of Qazlal.
  4749 | D:6      | Reached skill level 5 in Armour
  4966 | D:6      | Reached skill level 5 in Fighting
  5642 | D:6      | Found a runed translucent door.
  5643 | D:6      | Noticed Crazy Yiuf
  5795 | D:7      | Reached skill level 7 in Axes
  5795 | D:7      | Reached XP level 9. HP: 68/68 MP: 9/9
  6183 | D:7      | Noticed a slime creature
  6196 | D:7      | Killed a slime creature
  6822 | D:7      | Gained mutation: Your muscles are strong. (Str +2) [potion
                  | of mutation]
  6822 | D:7      | Gained mutation: Your muscles are very strong. (Str +4)
                  | [potion of mutation]
  6822 | D:7      | Gained mutation: You have large cloven feet. [potion of
                  | mutation]
  6822 | D:7      | Gained mutation: You are somewhat resistant to further
                  | mutation. [potion of mutation]
  6886 | D:7      | Reached skill level 8 in Axes
  7990 | D:8      | Reached XP level 10. HP: 54/76 MP: 10/10
  8131 | D:8      | Found a shadowy altar of Dithmenos.
  8306 | D:8      | Noticed a two-headed ogre
  8312 | D:8      | Killed a two-headed ogre
  8312 | D:8      | Reached skill level 9 in Axes
  8896 | D:9      | Reached skill level 5 in Dodging
  9036 | D:9      | Found a staircase to the Lair.
  9995 | D:9      | Noticed Joseph
 10011 | D:9      | Killed Joseph
 10011 | D:9      | Reached XP level 11. HP: 80/83 MP: 11/11
 10108 | D:9      | Found an opulent altar of Gozag.
 10108 | D:9      | Found a white marble altar of Elyvilon.
 10109 | D:9      | Found a burning altar of Makhleb.
 10117 | D:9      | Became a worshipper of Makhleb the Destroyer
 10118 | D:9      | Found an ancient bone altar of Kikubaaqudgha.
 10352 | D:9      | Found Lisattuu's Distillery.
 10376 | D:9      | Reached skill level 10 in Axes
 10386 | D:9      | Bought a potion of degeneration for 14 gold pieces
 10707 | D:10     | Entered Level 10 of the Dungeon
 10725 | D:10     | Noticed an unseen horror
 10749 | D:10     | Killed an unseen horror
 10749 | D:10     | Reached skill level 1 in Throwing
 10749 | D:10     | Reached skill level 1 in Invocations
 11134 | D:10     | Reached * piety under Makhleb
 11758 | D:11     | Noticed a skeletal warrior
 11758 | D:11     | Noticed a skeletal warrior
 11790 | D:11     | Killed a skeletal warrior
 11820 | D:11     | Killed a skeletal warrior
 11825 | D:11     | Reached skill level 11 in Axes
 11833 | D:11     | Reached skill level 10 in Shields
 11840 | D:11     | Noticed a skeletal warrior
 11857 | D:11     | Killed a skeletal warrior
 11857 | D:11     | Reached ** piety under Makhleb
 11857 | D:11     | Reached XP level 12. HP: 67/91 MP: 14/14
 11858 | D:11     | Noticed a skeletal warrior
 11870 | D:11     | Killed a skeletal warrior
 11879 | D:11     | Noticed an unseen horror
 11885 | D:11     | Killed an unseen horror
 12045 | D:11     | Noticed Josephine
 12063 | D:11     | Killed Josephine
 12326 | D:11     | Noticed a two-headed ogre
 12339 | D:11     | Killed a two-headed ogre
 12339 | D:11     | Reached skill level 5 in Invocations
 12361 | D:11     | Noticed a two-headed ogre
 12369 | D:11     | Killed a two-headed ogre
 12646 | D:11     | Mangled by a slime creature

Skill      XL: |  1  2  3  4  5  6  7  8  9 10 11 12 |
---------------+-------------------------------------+-----
Shields        | 4 5 6 8 9 10 | 10.6
Dodging        | 1 2 4 5 6 7 |  7.0
Axes           | 3 4 5 7 8 9 11 | 11.9
Fighting       | 4 5 6 7 |  7.7
Armour         | 4 5 6 7 8 |  8.3
Throwing       | 1 |  1.0
Invocations    | 3 5 |  5.3
Stealth        | |  0.7
Evocations     | |  0.2

Action                   |  1- 3 |  4- 6 |  7- 9 | 10-12 || total
-------------------------+-------+-------+-------+-------++-------
Melee: War axe           |    90 |   144 |   431 |   583 ||  1248
       Kick              |       |       |    40 |   178 ||   218
Throw: Stone             |       |       |     8 |       ||     8
       Tomahawk          |       |       |     2 |     5 ||     7
 Abil: Dig               |     1 |     2 |     2 |     5 ||    10
Evoke: Wand              |       |       |       |     4 ||     4
  Use: Scroll            |     7 |     4 |     7 |     5 ||    23
       Potion            |       |     1 |     2 |     6 ||     9
  Eat: Chunk             |     1 |     5 |    10 |    21 ||    37
       Ration            |       |       |     2 |       ||     2
Armor: Scale mail        |    50 |    64 |    57 |       ||   171
       Plate armour      |       |       |    81 |       ||    81
       Chain mail        |       |       |       |   205 ||   205
Dodge: Dodged            |    34 |    62 |   121 |   179 ||   396
Block: Shield            |    82 |    89 |   201 |   352 ||   724
